 Dungeon Crawl Stone Soup version 0.29.1-15-g9cfb28693d (webtiles) character file.

Game seed: 4283594433808288544

4211 raph the Arsonist (level 10, -2/52 HPs)
             Began as a Gargoyle Fire Elementalist on Feb 26, 2023.
             Was a Believer of Sif Muna.
             Killed from afar by an electric eel (3 damage)
             ... with a bolt of electricity
             ... on level 9 of the Dungeon.
             The game lasted 00:15:11 (11768 turns).

raph the Arsonist (Gargoyle Fire Elementalist)     Turns: 11768, Time: 00:15:11

Health: -2/52      AC: 18    Str: 15    XL:     10   Next: 29%
Magic:  17/18      EV: 12    Int: 21    God:    Sif Muna [**....]
Gold:   284        SH:  0    Dex: 10    Spells: 2/20 levels left

rFire   . . .      SeeInvis .   a - +5 lajatang of the Shimmering Gods {holy, Fragile Str+4}
rCold   . . .      Faith    .   (shield currently unavailable)
rNeg    + . .      Spirit   .   H - +0 steam dragon scales
rPois   ∞          Reflect  .   z - +1 helmet
rElec   +          Harm     .   x - +1 cloak
rCorr   .          Rampage  .   p - +0 pair of gloves
Will    .....                   i - +0 pair of boots
Stlth   ++........              o - amulet of magic regeneration
HPRegen 0.17/turn               (no ring)
MPRegen 0.56/turn               (no ring)

@: spiked, hasted, very quick
A: sickness immunity, AC +7, negative energy resistance 1, electricity
resistance, torment resistance 1, petrification resistance
a: Renounce Religion, Channel Magic


You were on level 9 of the Dungeon.
You worshipped Sif Muna.
Sif Muna was pleased with you.
You visited 2 branches of the dungeon, and saw 10 of its levels.

You collected 704 gold pieces.
You spent 420 gold pieces at shops.

Inventory:

Hand Weapons
 a - the +5 lajatang of the Shimmering Gods (weapon) {holy, Fragile Str+4}
   (You found it on level 4 of the Dungeon)

   It has been blessed by the Shining One to cause great damage to the undead
   and demons.
   Str:       It affects your strength (+4).
   Fragile:   It will be destroyed if unequipped.
 d - a +0 mace
 y - a +3 hammer
Missiles
 m - 6 poisoned darts
 u - a throwing net
Armour
 i - a +0 pair of boots (worn)
 p - a +0 pair of gloves (worn)
 q - a +2 robe of fire resistance
 x - a +1 cloak (worn)
 z - a +1 helmet (worn)
 H - +0 steam dragon scales (worn)
Jewellery
 o - an amulet of magic regeneration (around neck)
Wands
 l - a wand of mindburst (3)
 A - a wand of roots (13)
Scrolls
 g - 4 scrolls of fear
 h - 4 scrolls of teleportation
 k - 2 scrolls of blinking
 s - a scroll of poison
 t - a scroll of vulnerability
 B - 2 scrolls of identify
 D - a scroll of amnesia
 G - a scroll of enchant armour
Potions
 b - 4 potions of magic
 c - a potion of mutation
 e - 10 potions of curing
 f - 3 potions of attraction
 j - 2 potions of ambrosia {unknown}
 n - 3 potions of haste
 r - 2 potions of brilliance
 v - a potion of degeneration {unknown}
 w - 3 potions of heal wounds {unknown}
 C - a potion of flight {unknown}
 E - 2 potions of lignification {unknown}
Miscellaneous
 F - a phantom mirror (inert)


   Skills:
 + Level 1.0 Fighting
 + Level 1.9 Dodging
 - Level 2.1 Stealth
 + Level 5.8 Spellcasting
 * Level 9.2 Conjurations
 * Level 10.6 Fire Magic
 + Level 1.1 Invocations


You had 2 spell levels left.
You knew the following spells:

 Your Spells              Type           Power      Damage    Failure   Level
a - Foxfire               Conj/Fire      100%       2x1d9     1%          1
b - Scorch                Fire           100%       2d10      1%          2
c - Conjure Flame         Conj/Fire      47%        6-21      1%          3
d - Passwall              Tmut/Erth      5%         N/A       16%         2
e - Inner Flame           Hex/Fire       28%        N/A       3%          3
f - Flame Wave            Conj/Fire      47%        2d12      1%          4
g - Stone Arrow           Conj/Erth      50%        3d10      4%          3

Your spell library contained the following spells:

 Spells                   Type           Power      Damage    Failure   Level
 Magic Dart               Conj           100%       1d8       1%          1
 Searing Ray              Conj           90%        2d7       1%          2
 Beastly Appendage        Tmut           12%        N/A       10%         1
 Sandblast                Erth           12%        2d6       10%         1
 Wereblood                Tmut           6%         N/A       16%         2
 Fireball                 Conj/Fire      23%        3d11      4%          5
 Fulminant Prism          Conj/Hex       12%        3d9       14%         4
 Starburst                Conj/Fire      23%        6d8       26%         6
 Call Canine Familiar     Summ           6%         N/A       30%         3
 Portal Projectile        Hex/Tloc       12%        N/A       30%         3
 Spider Form              Tmut/Pois      6%         N/A       30%         3
 Irradiate                Conj/Tmut      12%        3d15      38%         5
 Leda's Liquefaction      Hex/Erth       3%         N/A       69%         4
 Blade Hands              Tmut           3%         N/A       95%         5
 Dragon Form              Tmut           3%         N/A       100%        7
 Ignition                 Fire           25%        3d8       100%        8


Dungeon Overview and Level Annotations

Branches:
Dungeon (9/15)             Temple (1/1) D:7
   Lair: D:8-11         Orc: D:9-12

Altars:
Ashenzari
Cheibriados
Dithmenos
Elyvilon
Fedhas
Gozag
Hepliaklqana
Kikubaaqudgha
Makhleb
Nemelex Xobeh
Okawaru
Qazlal
Ru
Sif Muna
Trog
Uskayaw
Vehumet
Wu Jian
Xom
Yredelemnul
Zin
The Shining One

Shops:
D:2 =

Annotations:
D:4 Eustachio


Innate Abilities, Weirdness & Mutations

You are immune to sickness and miasma.
Your stone body is resilient. (AC +7)
You are immune to poison.
You resist negative energy. (rN+)
You are resistant to electric shocks. (rElec)
You are resistant to unholy torment.
You are immune to petrification.


Message History

The bolt of electricity hits you but does no damage.
You resist.
Your Fighting skill increases to level 1!
Found a thin smoking staff.
The electric eel shoots out a bolt of lightning at you!
The bolt of electricity hits you. You resist.
An electric eel comes into view.
A manticore comes into view.
Found a falchion.
The electric eel shoots out a bolt of lightning at you!
The bolt of electricity misses you.
An orc priest comes into view. It is wielding a +0 mace.
The electric eel shoots out a bolt of lightning at you!
The bolt of electricity hits you. You resist.
The manticore flicks its tail.
The volley of spikes hits you.
The barbed spikes become lodged in your body.
* * * LOW HITPOINT WARNING * * *
You see here a staff of air.
The barbs in your skin will harm you if you move.
Continue?
Okay, then.
Okay, then.
Aiming: Phantom Mirror
Press: ? - help, Dir - move target, f - manticore
Aim: a manticore You reflect the manticore with the mirror!
The mirror clouds!
The electric eel shoots out a bolt of lightning at you!
The bolt of electricity hits you. You resist.
* * * LOW HITPOINT WARNING * * *
The electric eel shoots out a bolt of lightning at you!
The bolt of electricity hits you but does no damage.
You resist.
The manticore flicks its tail.
The volley of spikes hits you!
The barbed spikes become lodged in your body.
* * * LOW HITPOINT WARNING * * *
It was a potion of haste.
You feel yourself speed up.
The electric eel shoots out a bolt of lightning at you!
The bolt of electricity hits you. You resist.
You die...

o. #######.#######
♣≈≈≈~~♣.♣~~≈≈≈♣#♣♣ #.#
≈≈≈≈~~♣.♣~~≈≈≈≈#♣.♣♣ #.#
≈≈~SS.....~~~≈≈# ♣.♣♣#.#
≈~~~.......~~~≈#♣♣..♣#.#
~~~.........~~~#♣.♣♣.#..
~~...H.#.~..)~~#.♣♣♣.#..
..H #@#§~§)..#.♣..[#.. .
#.#§≈).....♣......
#)#≈~)...#♣♣.♣♣#..
.#.~§§.§§#♣.♣♣ #..
....§§.~~~#♣♣.♣♣#..
......~S~S# ♣♣.♣#..
.....~~~≈≈# ♣♣.#..
~~♣.♣~~≈≈≈≈# ♣♣.♣#..
♣.♣~~≈≈≈♣# ♣.♣♣#..


You could see a manticore and 2 electric eels.

Vanquished Creatures
  Pikel (D:4)
  An ugly thing (D:8)
  Grinder (D:3)
  Sigmund (D:4)
  2 steam dragons
  3 water moccasins
  A black bear (D:7)
  2 orc warriors (D:9)
  A sky beast (D:8)
  3 lemures (D:4)
  A phantom (D:5)
  3 kobold brigands
  2 bullfrogs
  A gnoll sergeant (D:7)
  4 scorpions
  3 killer bees (D:8)
  An electric eel (D:9)
  3 howler monkeys
  4 crimson imps (D:4)
  2 hounds (D:5)
  8 orc priests
  Crazy Yiuf (D:3)
  3 gnoll boudas
  Jessica (D:3)
  An iguana (D:6)
  10 orc wizards
  8 gnolls (D:7)
  5 adders
  3 shadow imps
  2 white imps
  A worm (D:3)
  A dart slug (D:1)
  23 orcs
  4 bats
  9 endoplasms
  2 giant cockroaches
  11 hobgoblins
  4 jackals (D:1)
  A quokka (D:2)
  8 ball pythons
  3 frilled lizards
  5 goblins
  18 kobolds
  7 rats
179 creatures vanquished.

Vanquished Creatures (collateral kills)
  A foxfire (D:3)
1 creature vanquished.

Vanquished Creatures (others)
  565 foxfires
  21 plants
586 creatures vanquished.

Grand Total: 766 creatures vanquished

Notes
Turn   | Place    | Note
-------+----------+-------------------------------------------
     0 | D:1      | raph the Gargoyle Fire Elementalist began the quest for the
                  | Orb.
     0 | D:1      | Reached XP level 1. HP: 10/10 MP: 3/3
   410 | D:1      | Reached XP level 2. HP: 15/15 MP: 1/5
   760 | D:1      | Learned a level 2 spell: Scorch
  1144 | D:1      | Found a faded altar of an unknown god.
  1261 | D:1      | Reached XP level 3. HP: 14/19 MP: 2/6
  1265 | D:1      | Learned a level 3 spell: Conjure Flame
  2068 | D:2      | Found Iqotu's Jewellery Shop.
  2373 | D:2      | Reached skill level 4 in Fire Magic
  2646 | D:3      | Noticed Jessica
  2653 | D:3      | Killed Jessica
  2654 | D:3      | Reached XP level 4. HP: 11/24 MP: 0/7
  2820 | D:3      | Noticed Grinder
  3202 | D:3      | Killed Grinder
  3203 | D:3      | Reached skill level 6 in Fire Magic
  3203 | D:3      | Reached XP level 5. HP: 28/28 MP: 0/8
  3203 | D:3      | Reached XP level 6. HP: 32/32 MP: 0/9
  3683 | D:3      | Found a basalt altar of Yredelemnul.
  3758 | D:3      | Found a white marble altar of Elyvilon.
  3893 | D:3      | Learned a level 2 spell: Passwall
  4106 | D:3      | Found a glowing golden altar of the Shining One.
  4147 | D:3      | Found a runed translucent door.
  4148 | D:3      | Noticed Crazy Yiuf
  4168 | D:3      | Killed Crazy Yiuf
  4775 | D:4      | Noticed Pikel
  5244 | D:4      | Noticed Sigmund
  5251 | D:4      | Killed Sigmund
  5252 | D:4      | Reached skill level 7 in Fire Magic
  5252 | D:4      | Reached XP level 7. HP: 36/36 MP: 1/11
  5419 | D:4      | Identified the +5 lajatang of the Shimmering Gods {holy,
                  | Fragile Str+4}
  5692 | D:4      | Noticed Eustachio
  5716 | D:4      | Learned a level 3 spell: Inner Flame
  5771 | D:4      | Found a shimmering altar of Xom.
  6081 | D:4      | Killed Pikel
  6082 | D:4      | Reached skill level 5 in Conjurations
  6082 | D:4      | Reached skill level 8 in Fire Magic
  6082 | D:4      | Reached XP level 8. HP: 41/41 MP: 1/13
  6880 | D:5      | Entered Level 5 of the Dungeon
  7563 | D:5      | Learned a level 4 spell: Flame Wave
  7593 | D:5      | Found a blossoming altar of Fedhas.
  8244 | D:6      | Reached XP level 9. HP: 45/45 MP: 8/15
  8271 | D:6      | Reached skill level 9 in Fire Magic
  8529 | D:2      | Bought an amulet of magic regeneration for 420 gold pieces
  9109 | D:7      | Found a staircase to the Ecumenical Temple.
  9116 | Temple   | Entered the Ecumenical Temple
  9254 | Temple   | Became a worshipper of Sif Muna the Loreminder
  9844 | D:7      | Reached skill level 5 in Spellcasting
 10561 | D:8      | Reached * piety under Sif Muna
 10801 | D:8      | Noticed a red ugly thing
 11005 | D:8      | Learned a level 3 spell: Stone Arrow
 11047 | D:8      | Killed a red ugly thing
 11048 | D:8      | Reached skill level 10 in Fire Magic
 11048 | D:8      | Reached XP level 10. HP: 50/50 MP: 7/18
 11761 | D:9      | Reached skill level 1 in Invocations
 11761 | D:9      | Reached ** piety under Sif Muna
 11762 | D:9      | Reached skill level 1 in Fighting
 11764 | D:9      | Noticed a manticore
 11767 | D:9      | HP: 1/52 [manticore/volley of spikes (10)]
 11768 | D:9      | Killed from afar by an electric eel

Illustrated notes

Levels and vault maps discovered:
D:1:      minmay_arrival_widening_spiral_wide, layout_loops_ring,
          ebering_ecumenical_altar_hall, minmay_vboxes
D:2:      layout_loops_ring, serial_shops, shop_coins
D:3:      layout_basic, kennysheep_ying_yang, mainiacjoe_overflow_alcove_1,
          chequers_big_river, hangedman_decor_push, minmay_misc_feat_columns,
          kennysheep_doodads, due_unseen_surprise, uniq_grinder,
          uniq_crazy_yiuf_cottage, uniq_jessica
D:4:      minmay_door_path, layout_gridville, led_xom_imps,
          serial_co_window_serial, co_window_paths_a, co_window_paths_a,
          co_window_corner_a, co_window_paths_b, co_window_corner_a,
          co_window_corner_b, co_window_2corner, co_window_corner_b,
          co_window_2corner, co_window_broadway_c, co_window_paths_c,
          co_window_paths_d, uniq_eustachio, uniq_pikel, uniq_sigmund
D:5:      layout_cave_pods, fedhas_altar_fruit_tree
D:6:      layout_basic
D:7:      layout_cave_pods, minmay_temple_entry_crystal_x, serial_column_ruins,
          column_ruins_hut, column_ruins_hut, column_ruins_columns_water,
          column_ruins_open_tiny, column_ruins_open_tiny, column_ruins_grid_3,
          nicolae_grassy_gnolls
D:8:      layout_cave_pools, small_chamber_with_monster, roderic_serpentine_path
D:9:      nzn_winding_woodlands_cross [nzn_winding_woodlands_5x15_eye,
          nzn_winding_woodlands_5x15_crooked,
          nzn_winding_woodlands_5x15_lazy_stream,
          nzn_winding_woodlands_5x15_pockets,
          nzn_winding_woodlands_15x15_eel_pit], layout_gridville
Temple:   minmay_crystal_spiral_temple

Skill      XL: |  1  2  3  4  5  6  7  8  9 10 |
---------------+-------------------------------+-----
Conjurations   | 2 3 5 6 8 9 |  9.2
Fire Magic     | 4 6 7 8 10 | 10.6
Spellcasting   | 3 4 5 |  5.8
Invocations    | 1 |  1.1
Fighting       | 1 |  1.0
Dodging        | |  1.9
Stealth        | |  2.1

Action                   |  1- 3 |  4- 6 |  7- 9 | 10-12 || total
-------------------------+-------+-------+-------+-------++-------
Melee: Mace              |    16 |     8 |       |       ||    24
       Lajatang          |       |       |    40 |     1 ||    41
 Cast: Foxfire           |    52 |    82 |   141 |    51 ||   326
       Scorch            |     8 |     5 |    16 |     3 ||    32
       Passwall          |       |     2 |       |       ||     2
       Conjure Flame     |       |     1 |     1 |       ||     2
       Inner Flame       |       |       |     5 |       ||     5
       Stone Arrow       |       |       |     6 |       ||     6
       Flame Wave        |       |       |     4 |     3 ||     7
Evoke: Wand              |       |       |     3 |       ||     3
       Phantom mirror    |       |       |       |     1 ||     1
  Use: Scroll            |       |    14 |     4 |       ||    18
       Potion            |       |       |     1 |     1 ||     2
 Stab: Sleeping          |       |       |     3 |       ||     3
Armor: Robe              |     5 |    20 |    51 |     5 ||    81
       Steam dragon scal |       |       |       |     3 ||     3
Dodge: Dodged            |    17 |    28 |    56 |    16 ||   117
